 Seeded DCSS version 0.31-a0-7-g51783674b7 (webtiles) character file.

Game seed: 3407603050769875686 (custom seed)

55 Pimp the Slasher (level 3, 0/26 (29) HPs)
             Began as a Barachi Reaver on May 5, 2023.
             Slain by Terence
             ... wielding the +7 Throatcutter {drain, coup de grace}
              (7 damage)
             ... on level 2 of the Dungeon.
             The game lasted 00:02:16 (1673 turns).

Pimp the Slasher (Barachi Reaver)                   Turns: 1673, Time: 00:02:16

HP:   0/26 (29)     AC:  3    Str: 13    XL:     3   Next: 93%
MP:   7/7           EV: 12    Int: 13    God:
Gold: 70            SH:  0    Dex: 12    Spells: 6/7 levels left

rFire   . . .        i - +3 hand axe (venom)
rCold   . . .        (no shield)
rNeg    . . .        b - +0 leather armour
rPois   .            (no helmet)
rElec   .            (no cloak)
rCorr   .            (no gloves)
SInv    .            (no boots)
Will    .....        (no amulet)
Stlth   +            (no ring)
HPRegen 0.24/turn    (no ring)
MPRegen 0.10/turn

%: no passive effects
@: heavily drained, slow
A: amphibious, slowness 1, strong legs 1, +LOS
a: Hop


You were on level 2 of the Dungeon.
You visited 1 branch of the dungeon, and saw 2 of its levels.

You collected 70 gold pieces.

Inventory:

Hand Weapons
 a - a +0 falchion
 i - a +3 hand axe of venom (weapon)
Armour
 b - a +0 leather armour (worn)
Scrolls
 e - a scroll of teleportation {unknown}
 j - a scroll of identify {unknown}
Potions
 c - a potion of haste
 d - a potion of heal wounds {unknown}
 f - a potion of might {unknown}
 g - a potion of curing {unknown}


   Skills:
 + Level 3.1 Fighting
 + Level 4.1 Long Blades
 + Level 2.7 Dodging
 + Level 2.7 Spellcasting
 + Level 3.7 Conjurations


You had 6 spell levels left.
You knew the following spells:

 Your Spells              Type           Power      Damage    Failure   Level
a - Kiss of Death         Conj/Necr      24%        2d7       14%         1

Your spell library contained the following spells:

 Spells                   Type           Power      Damage    Failure   Level
 Momentum Strike          Conj/Tloc      12%        3d8       22%         2
 Hailstorm                Conj/Ice       6%         3d4       38%         3


Dungeon Overview and Level Annotations

Branches:
Dungeon (2/15)

Altars:

Shops:
D:2 (

Annotations:
D:2 Terence


Innate Abilities, Weirdness & Mutations

You are amphibious.
You cover ground slowly.
You can hop short distances.
You have an extended range of vision and can be seen from far away.


Message History

Things that are here:
a +0 dagger; a stone A bat is nearby!
You hit the bat.
You kill the bat!
j - a scroll labelled KIECKO GUACU
There is an open door here.
Things that are here:
a +0 dagger; a goblin skeleton You now have 70 gold pieces (gained 7).
You see here a +0 hand axe.
You see here a +0 short sword.
There is a stone staircase leading down here.
Terence the Incautious comes into view.
He is wielding the +7 Throatcutter {drain, coup de grace}.
Aiming: Kiss of Death (safe; 14% risk of failure)
Press: ? - help, Q - select action, (/) - cycle Shift-Dir - straight line, f - you
Okay, then.
Throw: 2 darts (poison)
Press: ? - help, Q - select action, (/) - cycle Shift-Dir - straight line, f - Terence
Aim: Terence, wielding the +7 Throatcutter {drain, coup de grace} and wearing a +0 scale mail (61% to hit)
You throw a poisoned dart. The poisoned dart hits Terence.
Terence is poisoned.
Throw: dart (poison)
Press: ? - help, Q - select action, (/) - cycle Shift-Dir - straight line, f/p - Terence
Aim: Terence, wielding the +7 Throatcutter {drain, coup de grace} and wearing a +0 scale mail (poisoned, 61% to hit)
You throw a poisoned dart. The poisoned dart hits Terence.
Terence looks even sicker.
You barely miss Terence.
Terence is heavily wounded.
Terence hits you with the +7 Throatcutter {drain, coup de grace}!
You feel drained. Terence attacks as you move away!
Terence hits you with the +7 Throatcutter {drain, coup de grace}!
* * * LOW HITPOINT WARNING * * *
You feel drained.
* * * LOW HITPOINT WARNING * * *
You closely miss Terence.
Terence is severely wounded.
Terence looks more healthy.
Terence hits you with the +7 Throatcutter {drain, coup de grace}!
You die...

.........................#
####.######.############.#
...)>.........# #.#
####.######.#.# #.# #.#
#.#.# ##### #.# #.# #.#.#
#...# #.# #)# #.#.#
#.#.###.# #.#
#.#.####.....#.# #.#
#.#...@@...#.#.# #.#
#.##########.#.### #.###
#...((.@.....#...# #...#
################.####
#.#.# #....# ##(∩.# ####.#
#.∩∩∩# #.# #..∩.# #.#
#..### #.#


You could see Terence.

Vanquished Creatures
  2 worms (D:2)
  A dart slug (D:1)
  An orc (D:2)
  2 bats
  5 endoplasms
  3 giant cockroaches
  7 goblins
  5 hobgoblins
  5 kobolds
  2 quokkas (D:2)
  3 ball pythons
  4 rats (D:2)
40 creatures vanquished.

Notes
Turn   | Place    | Note
-------+----------+-------------------------------------------
     0 | D:1      | Pimp the Barachi Reaver began the quest for the Orb.
     0 | D:1      | Reached XP level 1. HP: 17/17 MP: 3/3
    54 | D:1      | Reached XP level 2. HP: 21/23 MP: 5/5
   350 | D:1      | Found a faded altar of an unknown god.
   506 | D:2      | Reached XP level 3. HP: 28/28 MP: 6/6
   615 | D:2      | Reached skill level 4 in Long Blades
   615 | D:2      | Found Beluzont's Antique Weapon Boutique.
  1659 | D:2      | Noticed Terence
  1673 | D:2      | Slain by Terence

Illustrated notes

Levels and vault maps discovered:
D:1:      dpeg_arrival_simpleton_a, layout_rooms, basic_ecumenical_altar
D:2:      layout_basic, serial_shops, nicolae_shop_dealshenge, uniq_terence

Skill      XL: |  1  2  3 |
---------------+----------+-----
Long Blades    | 4 |  4.1
Fighting       | 3 |  3.1
Dodging        | |  2.7
Spellcasting   | |  2.7
Conjurations   | |  3.7

Action                     || total
---------------------------++-------
  Melee: Falchion          ||   107
         Punch             ||     2
         Hand axe          ||     8
  Throw: Dart              ||     2
    Use: Scroll            ||     2
         Potion            ||     1
 Armour: Leather armour    ||    29
  Dodge: Dodged            ||    67

Table legend: (Time is in decaauts)
 A = Elapsed time spent in this place.
 B = Non-inter-level travel time spent in this place.
 C = Inter-level travel time spent in this place.
 D = Time resting spent in this place.
 E = Time spent auto-exploring this place.
 F = Levels seen in this place.
 G = Mean time per level.
                   A        B        C        D        E       F      G
               +--------+--------+--------+--------+--------+-----+--------+
         Total |   1907 |   1907 |      0 |    114 |   1410 |   2 |  953.5 |
       Dungeon |   1907 |   1907 |      0 |    114 |   1410 |   2 |  953.5 |
               +--------+--------+--------+--------+--------+-----+--------+

Top non-repeatable levels by time:
     D:2: 1328 daAuts
     D:1: 579 daAuts
